AoeStats
← Your Mom

Arabia

503884919Analyzed
3v3 RM · 1mo ago on Sep 2, 2026· 53m 22s· 6 players
Game mode
Random Map
Map size
Normal (6 player)
Population
200
Speed
Normal
Resources
Standard
Victory
Conquest
Starting age
Dark Age
Ending age
Imperial Age
RankedLock teamsTeams togetherTeam positionsShared explorationLock speedFull tech treeHidden civsTurbo modeCheats
Victory
Defeat
🇩🇪 Khmer · Germany
785
+16
🇩🇪 Slavs · Germany
680
+21
🇨🇳 Saracens · China
627
+32
🇫🇷 Franks · France
1000
-115
🇫🇷 Mongols · France
694
-35
🇫🇷 Goths · France
683
-32
Ernie_Black57
0:29 Loom
13:50 Feudal Age
14:30 Double-Bit Axe
14:38 Horse Collar
24:22 Castle Age
24:46 Forging
24:42 Scale Barding Armor
25:07 Heavy Plow
26:48 Bloodlines
26:39 Husbandry
28:07 Wheelbarrow
28:36 Iron Casting
28:22 Chain Barding Armor
32:27 Fletching
35:51 Detinets
36:14 Murder Holes
37:16 Hand Cart
41:58 Imperial Age
45:38 Chemistry
44:23 Elite Boyar
44:55 Elite Boyar
45:25 Pikeman
47:22 Blast Furnace
46:58 Crop Rotation
48:49 Plate Barding Armor
Cowhorse
8:50 Loom
11:13 Feudal Age
11:37 Horse Collar
12:04 Double-Bit Axe
13:02 Wheelbarrow
20:31 Castle Age
22:04 Bow Saw
21:56 Heavy Plow
22:20 Gold Mining
29:29 Scale Barding Armor
29:26 Scale Mail Armor
30:41 Husbandry
30:52 Bloodlines
31:40 Hand Cart
37:19 Imperial Age
36:30 Chain Barding Armor
36:11 Padded Archer Armor
36:02 Fletching
39:51 Caravan
39:30 Crossbowman
40:16 Thumb Ring
42:03 Coinage
42:12 Plate Barding Armor
41:53 Leather Archer Armor
41:48 Forging
41:35 Bodkin Arrow
43:22 Chemistry
42:03 Treadmill Crane
42:43 Ballistics
42:34 Masonry
46:56 Gold Shaft Mining
46:16 Guard Tower
46:37 Fortified Wall
46:13 Arrowslits
46:24 Murder Holes
46:35 Siege Engineers
46:50 Chain Mail Armor
47:05 Ring Archer Armor
46:36 Bracer
47:11 Iron Casting
47:16 Fervor
47:44 Theocracy
48:36 Bimaristan
48:50 Conscription
50:01 Arbalester
Your Mom
0:26 Loom
9:18 Feudal Age
10:15 Double-Bit Axe
14:11 Wheelbarrow
15:02 Horse Collar
17:39 Bloodlines
18:48 Gold Mining
18:51 Stone Mining
26:38 Castle Age
26:58 Scale Barding Armor
27:04 Forging
29:25 Husbandry
32:26 Bow Saw
34:25 Heavy Plow
35:56 Pikeman
36:09 Light Cavalry
40:31 Gold Shaft Mining
41:17 Chain Barding Armor
42:07 Hand Cart
47:29 Imperial Age
48:11 Iron Casting
47:50 Elite Battle Elephant
51:14 Conscription
50:57 Tusk Swords
51:52 Caravan
52:54 Plate Barding Armor
53:21 Blast Furnace
53:11 Stone Shaft Mining
RemzerSama
10:16 Feudal Age
11:45 Wheelbarrow
10:57 Loom
12:10 Double-Bit Axe
13:01 Horse Collar
19:21 Scale Barding Armor
20:33 Bloodlines
28:13 Castle Age
27:36 Padded Archer Armor
27:37 Scale Mail Armor
27:28 Fletching
28:02 Gold Mining
29:10 Husbandry
29:29 Pikeman
30:09 Squires
30:25 Caravan
32:33 Hand Cart
47:27 Bow Saw
Kamino
11:00 Feudal Age
12:20 Wheelbarrow
11:33 Double-Bit Axe
25:41 Castle Age
26:12 Forging
26:08 Scale Barding Armor
28:06 Pikeman
29:50 Hand Cart
31:20 Husbandry
35:32 Imperial Age
38:38 Halberdier
39:23 Squires
39:36 Cavalier
43:09 Paladin
fabeulesh
5:55 Loom
11:36 Feudal Age
12:24 Horse Collar
12:15 Man-at-Arms
12:57 Double-Bit Axe
17:01 Forging
16:53 Scale Mail Armor
22:35 Castle Age
22:48 Long Swordsman
24:08 Iron Casting
23:56 Chain Mail Armor
39:27 Gold Mining
Connection lost

Rejoining the realm…

Still unreachable

The connection could not be restored.

Session expired

The server has moved on; the page needs a fresh start.